 Dungeon Crawl Stone Soup version 0.30-a0-414-gcb316572d5 (webtiles) character file.

Game seed: 5245907203970317046

1967 PyroL the Purveyor of Pain (level 9, -2/62 HPs)
             Began as a Demonspawn Necromancer on Dec 7, 2022.
             Was an Initiate of Kikubaaqudgha.
             Killed by divine providence
             ... invoked by an orc priest
              (17 damage)
             ... on level 6 of the Dungeon.
             The game lasted 00:13:55 (7331 turns).

PyroL the Purveyor of Pain (Demonspawn Necromancer) Turns: 7331, Time: 00:13:58

Health: -2/62      AC:  7    Str: 15    XL:     9   Next: 0%
Magic:  11/19      EV: 27    Int: 26    God:    Kikubaaqudgha [......]
Gold:   303        SH:  0    Dex: 14    Spells: 13/21 levels left

rFire   . . .      SeeInvis .    F - +3 flail (protect)
rCold   + . .      Faith    .    (no shield)
rNeg    . . .      Spirit   .    l - +2 robe {rC+}
rPois   .          Reflect  .    v - +2 helmet
rElec   .          Harm     .    (no cloak)
rCorr   .          Rampage  .    (no gloves)
Will    .....                    (no boots)
Stlth   ++........               q - amulet of the acrobat
HPRegen 0.30/turn                p - +6 ring of strength
MPRegen 0.32/turn                r - +6 ring of intelligence

@: acrobatic, animating dead, studying Throwing
A: claws 1, spiny 2, magic regeneration
a: Renounce Religion


You were on level 6 of the Dungeon.
You worshipped Kikubaaqudgha.
Kikubaaqudgha was noncommittal.
You visited 2 branches of the dungeon, and saw 7 of its levels.
You also visited: Ossuary.

You collected 303 gold pieces.

Inventory:

Hand Weapons
 j - a +1 dagger of venom
 E - a +1 dagger of draining
 F - a +3 flail of protection (weapon)
Missiles
 a - 6 silver boomerangs
 d - 12 poisoned darts
Armour
 l - a +2 robe of cold resistance (worn)
 v - a +2 helmet (worn)
Jewellery
 p - a +6 ring of strength (left claw)
 q - an amulet of the acrobat (around neck)
 r - a +6 ring of intelligence (right claw)
 u - a ring of see invisible
 x - a +6 ring of dexterity
Wands
 n - a wand of mindburst (9)
 o - a wand of paralysis (6)
 y - a wand of quicksilver (10)
Scrolls
 c - 2 scrolls of silence
 f - 2 scrolls of immolation {unknown}
 g - 3 scrolls of teleportation {unknown}
 i - 2 scrolls of torment {unknown}
 m - 2 scrolls of vulnerability {unknown}
 t - 2 scrolls of blinking {unknown}
 w - 4 scrolls of fog {unknown}
 B - 2 scrolls of identify {unknown}
 G - a scroll of summoning {unknown}
 J - 3 scrolls of enchant weapon {unknown}
 K - a scroll of brand weapon {unknown}
Potions
 b - 2 potions of magic
 e - 2 potions of haste {unknown}
 h - 4 potions of curing {unknown}
 k - a potion of berserk rage {unknown}
 s - 3 potions of might
 z - 3 potions of brilliance {unknown}
 A - a potion of degeneration {unknown}
 C - a potion of cancellation {unknown}
 D - a potion of attraction {unknown}
 H - a potion of heal wounds {unknown}
 I - a potion of flight {unknown}


   Skills:
 + Level 2.9 Fighting
 - Level 1.7 Dodging
 - Level 1.7 Stealth
 - Level 6.9 Spellcasting
 + Level 9.8 Necromancy
 + Level 2.6 Ice Magic


You had 13 spell levels left.
You knew the following spells:

 Your Spells              Type           Power      Damage    Failure   Level
a - Necrotise             Necr           100%       1d9       1%          1
b - Vampiric Draining     Necr           57%        2d10      1%          3
c - Animate Dead          Necr           57%        N/A       1%          4

Your spell library contained the following spells:

 Spells                   Type           Power      Damage    Failure   Level
 Agony                    Necr           57%        N/A       3%          5
 Slow                     Hex            36%        N/A       6%          1
 Ozocubu's Armour         Ice            22%        N/A       6%          3
 Confusing Touch          Hex            9%         N/A       19%         3
 Stone Arrow              Conj/Erth      18%        3d8       19%         3
 Animate Armour           Summ/Erth      18%        N/A       54%         4
 Simulacrum               Ice/Necr       20%        N/A       58%         6
 Metabolic Englaciation   Hex/Ice        7%         N/A       71%         5
 Lehudib's Crystal Spear  Conj/Erth      4%         10d3      100%        8


Dungeon Overview and Level Annotations

Branches:
Dungeon (6/15)             Temple (1/1) D:5         Ossuary (visited)

Altars:
Ashenzari
Cheibriados
Dithmenos
Fedhas
Gozag
Hepliaklqana
Kikubaaqudgha
Makhleb
Okawaru
Qazlal
Ru
Sif Muna
Trog
Uskayaw
Vehumet
Wu Jian
Yredelemnul

Shops:
D:2 !

Annotations:
D:6 Maggie


Innate Abilities, Weirdness & Mutations

You have sharp fingernails.
You are mostly covered in sharp spines.
You regenerate magic rapidly.


Message History

Your base attributes are Str 9, Int 18, Dex 14.
Increase (S)trength, (I)ntelligence, or (D)exterity?
You feel clever. x2; Your demonic ancestry asserts itself...
Your magic begins to regenerate rapidly.
An orc comes into view. It is wielding a +0 flail.
You can't see any susceptible monsters within range! (Use Z to cast anyway.)
Casting: Vampiric Draining (safe; 1% risk of failure)
Confirm with . or Enter, or press ? or * to list all spells.
You call upon the dead to rise.
The orc shouts!
You hear a shout! x2
An orc priest comes into view. It is wielding a +0 mace.
Found a quarterstaff.
You closely miss the orc. The orc hits you with a +0 flail.
An orc wizard comes into view. It is wielding a +2 dagger of draining.
An orc priest comes into view. It is wielding a +2 vorpal war axe.
The orc is struck by your spines. The orc hits you with a +0 flail.
You barely miss the orc.
The orc is lightly wounded.
The orc is struck by your spines.
You kill the orc!
Kikubaaqudgha accepts your kill.
The dead are walking!
The orc priest mumbles some strange prayers to Beogh against you.
Beogh smites you!
The orc priest writhes in agony.
The orc priest calls down the wrath of Beogh upon you.
Pain shoots through your body!
* * * LOW HITPOINT WARNING * * *
You are too injured to fight recklessly!
Okay, then.
The orc priest invokes the aid of Beogh against you.
Pain shoots through your body!
* * * LOW HITPOINT WARNING * * *
An orc wizard comes into view. It is wielding a +0 dagger.
The orc wizard shouts!
You hear a shout!
An orc comes into view. It is wielding a +0 trident.
The orc priest calls down the wrath of Beogh upon you.
Beogh smites you!
You die...
Kikubaaqudgha rasps: "You have failed me!
Welcome... death!"

... ..# . .. ..#o#
o)o.#.# .#.#.# .Z..#
#o..### #.#... #.#.#
#.@<## ##)..# ##o#..#
##..##.... ##..##
#..## ##..## #.#
####..## .# #
##....######## #
.##o.###..###[.......


You could see 2 orc priests, an orc wizard, an orc (wandering) and a friendly
orc zombie.

Vanquished Creatures
  A wyvern (D:5)
  2 black bears
  2 ogres
  A centaur (D:5)
  2 elf zombies (Ossuary)
  Blork the orc (D:6)
  2 necrophages (D:5)
  4 scorpions
  A gnoll sergeant (D:4)
  A howler monkey (D:5)
  A human zombie (Ossuary)
  4 centaur zombies (Ossuary)
  A hound (D:5)
  A gnoll bouda (D:5)
  Jessica (D:3)
  2 iguanas (D:4)
  Terence (D:2)
  4 mummies
  10 gnolls
  7 adders
  2 river rats (D:4)
  A white imp (D:5)
  An ufetubus (D:5)
  4 adder zombies (Ossuary)
  7 worms
  13 orcs
  8 ball pythons
  7 bats
  8 endoplasms
  6 giant cockroaches
  3 gnoll zombies (Ossuary)
  6 goblins
  3 hobgoblins
  4 quokkas
  4 frilled lizards
  A goblin zombie (Ossuary)
  2 hobgoblin zombies (Ossuary)
  5 jackal zombies (Ossuary)
  6 kobolds
  3 orc zombies (Ossuary)
  6 quokka zombies (Ossuary)
  5 rats
  5 rat zombies (Ossuary)
159 creatures vanquished.

Vanquished Creatures (collateral kills)
  An iguana (D:4)
  A gnoll (D:5)
  An orc (D:5)
  2 rats (D:4)
5 creatures vanquished.

Vanquished Creatures (others)
  3 gnoll zombies (D:5)
  4 plants (D:4)
7 creatures vanquished.

Grand Total: 171 creatures vanquished

Notes
Turn   | Place    | Note
-------+----------+-------------------------------------------
     0 | D:1      | PyroL the Demonspawn Necromancer began the quest for the
                  | Orb.
     0 | D:1      | Reached XP level 1. HP: 13/13 MP: 3/3
   291 | D:1      | Gained mutation: You have sharp fingernails. [demonic
                  | ancestry]
   291 | D:1      | Reached XP level 2. HP: 11/19 MP: 3/5
   771 | D:2      | Reached XP level 3. HP: 24/24 MP: 5/7
   775 | D:2      | Learned a level 3 spell: Vampiric Draining
   836 | D:2      | Reached skill level 5 in Necromancy
  1231 | D:2      | Noticed Terence
  1253 | D:2      | Killed Terence
  1254 | D:2      | Reached XP level 4. HP: 8/30 MP: 0/8
  1445 | D:2      | Learned a level 4 spell: Animate Dead
  1512 | D:2      | Found Ataich's Distillery.
  2257 | D:3      | Noticed Jessica
  2265 | D:3      | Killed Jessica
  2384 | D:3      | Found a radiant altar of Vehumet.
  2384 | D:3      | Found a hazy altar of Hepliaklqana.
  2384 | D:3      | Found a snail-covered altar of Cheibriados.
  2947 | D:4      | Reached XP level 5. HP: 35/35 MP: 3/10
  2956 | D:4      | Noticed an ogre
  3149 | D:4      | Noticed a black bear
  3192 | D:4      | Reached skill level 6 in Necromancy
  3591 | D:4      | Killed a black bear
  3592 | D:4      | Gained mutation: You are partially covered in sharp spines.
                  | [demonic ancestry]
  3592 | D:4      | Reached XP level 6. HP: 22/41 MP: 1/12
  4024 | D:4      | Reached skill level 7 in Necromancy
  4105 | D:4      | Reached skill level 5 in Spellcasting
  4163 | D:4      | Gained mutation: You are mostly covered in sharp spines.
                  | [demonic ancestry]
  4163 | D:4      | Reached XP level 7. HP: 46/46 MP: 6/14
  4482 | D:5      | Entered Level 5 of the Dungeon
  4486 | D:5      | Found a sand-covered staircase.
  4499 | Ossuary  | Entered an ossuary
  4759 | Ossuary  | Reached skill level 8 in Necromancy
  5135 | D:5      | Reached XP level 8. HP: 52/52 MP: 10/17
  5933 | D:5      | Reached skill level 9 in Necromancy
  6016 | D:5      | Found a stormy altar of Qazlal.
  6019 | D:5      | Found a staircase to the Ecumenical Temple.
  6050 | Temple   | Entered the Ecumenical Temple
  6074 | Temple   | Became a worshipper of Kikubaaqudgha
  6788 | D:5      | Reached skill level 1 in Fighting
  6788 | D:5      | Reached skill level 1 in Ice Magic
  7256 | D:6      | Identified the +0 chain mail of Kyunu {Fly rF+++ Str-2
                  | Int-4}
  7263 | D:6      | Noticed Maggie
  7263 | D:6      | Noticed Blork the orc
  7313 | D:6      | Killed Blork the orc
  7314 | D:6      | Gained mutation: You regenerate magic rapidly. [demonic
                  | ancestry]
  7314 | D:6      | Reached XP level 9. HP: 51/62 MP: 10/19
  7331 | D:6      | Killed from afar by an orc priest

Illustrated notes

Levels and vault maps discovered:
D:1:      lemuel_arrival_muddy, layout_rooms
D:2:      minmay_inner_zag, layout_loops_ring, serial_shops, shop, uniq_terence
D:3:      layout_basic, gammafunk_temple_overflow_claw, serial_aquarium,
          aquarium_bridge_square [aquarium_subvault_bridge,
          aquarium_subvault_bridge, aquarium_subvault_window,
          aquarium_subvault_wall], aquarium_window_fake, aquarium_window_1,
          aquarium_window_fake, aquarium_view_2a, kennysheep_generic_room_12,
          uniq_jessica
D:4:      layout_loops_ring, serial_forest, infiniplex_forest_corner_1,
          infiniplex_forest_end_2, infiniplex_forest_lined_2,
          infiniplex_forest_straight_2, infiniplex_forest_straight_3,
          infiniplex_forest_lined_3, infiniplex_forest_zigzag_1,
          infiniplex_forest_clump_cross, infiniplex_forest_straight_3,
          lightli_sewer_entry_pipes, serial_bayou_pond_a
D:5:      layout_layer_cave, lemuel_doored_altar, minmay_temple_entry_crystal_x,
          serial_rivers, chequers_serial_rivers_room_b,
          chequers_serial_rivers_micro_b, chequers_serial_rivers_marsh,
          chequers_serial_rivers_small_3, chequers_serial_rivers_marsh,
          chequers_serial_rivers_room_b, gup_ossuary_entry_pyramid,
          fountainhead, minmay_manual_maat
D:6:      layout_rooms, uniq_crazy_yiuf_cottage, uniq_maggie, uniq_edmund,
          uniq_blork_the_orc
Temple:   nicolae_temple_elliptical

Skill      XL: |  1  2  3  4  5  6  7  8 |
---------------+-------------------------+-----
Necromancy     | 5 6 7 8 9 |  9.8
Spellcasting   | 3 4 5 6 |  6.9
Fighting       | 2 |  2.9
Ice Magic      | 2 |  2.6
Dodging        | |  1.7
Stealth        | |  1.7

Action                   |  1- 3 |  4- 6 |  7- 9 || total
-------------------------+-------+-------+-------++-------
Melee: Dagger            |    52 |    51 |   177 ||   280
       Unarmed           |     4 |       |       ||     4
       Punch             |       |       |     3 ||     3
       Flail             |       |       |    36 ||    36
 Cast: Necrotise         |    36 |    84 |    24 ||   144
       Vampiric Draining |     1 |    11 |    13 ||    25
       Animate Dead      |       |     2 |     3 ||     5
  Use: Scroll            |     1 |       |       ||     1
 Stab: Sleeping          |     1 |     3 |     3 ||     7
Armor: Robe              |    12 |    17 |    93 ||   122
Dodge: Dodged            |    53 |    50 |   139 ||   242

Table legend: (Time is in decaauts)
 A = Elapsed time spent in this place.
 B = Non-inter-level travel time spent in this place.
 C = Inter-level travel time spent in this place.
 D = Time resting spent in this place.
 E = Time spent auto-exploring this place.
 F = Levels seen in this place.
 G = Mean time per level.
                   A        B        C        D        E       F      G
               +--------+--------+--------+--------+--------+-----+--------+
         Total |   7392 |   7045 |    347 |    996 |   4667 |   8 |  924.0 |
       Dungeon |   6666 |   6351 |    315 |    996 |   4225 |   6 | 1111.0 |
        Temple |    172 |    140 |     32 |      0 |    120 |   1 |  172.0 |
       Ossuary |    552 |    552 |      0 |      0 |    322 |   1 |  552.0 |
               +--------+--------+--------+--------+--------+-----+--------+

Top non-repeatable levels by time:
     D:4: 1915 daAuts
     D:5: 1655 daAuts
     D:2: 1377 daAuts
     D:3: 938 daAuts
     D:1: 714 daAuts
 Ossuary: 552 daAuts
  Temple: 172 daAuts
     D:6: 65 daAuts
